 Dungeon Crawl Stone Soup version 0.30.1-11-g7821555f0a (webtiles) character file.

Game seed: 17870404162563317000

613 Okkudo the Cleaver (level 7, 0/41 (57) HPs)
             Began as a Hill Orc Monk on Dec 11, 2023.
             Slain by a wight
             ... wielding a +2 short sword
              (5 damage)
             ... on level 5 of the Dungeon.
             The game lasted 00:11:12 (4476 turns).

Okkudo the Cleaver (Hill Orc Monk)                  Turns: 4476, Time: 00:11:13

HP:   0/41 (57)     AC: 12    Str: 16    XL:     7   Next: 44%
MP:   7/7           EV:  7    Int: 10    God:
Gold: 172           SH:  0    Dex: 13    Spells: 6/6 levels left

rFire   . . .        a - +0 hand axe
rCold   + . .        d - orb {light}
rNeg    . . .        K - +0 chain mail
rPois   .            p - +0 helmet
rElec   .            m - +0 cloak
rCorr   .            F - +0 pair of gloves
SInv    .            C - +0 pair of boots
Will    .....        (no amulet) Stlth
                     B - ring of protection from cold
HPRegen 0.26/turn    J - ring of flight
MPRegen 0.10/turn

%: no passive effects
@: confused, mighty, ambrosia-drunk, flying, glowing, very heavily drained
A: no striking features
a: no special abilities


You were on level 5 of the Dungeon.
You visited 1 branch of the dungeon, and saw 5 of its levels.

You collected 226 gold pieces.
You spent 54 gold pieces at shops.

Inventory:

Hand Weapons
 a - a +0 hand axe (weapon)
 H - a +0 halberd
Armour
 d - an orb of light (worn)
 m - a +0 cloak (worn)
 p - a +0 helmet (worn)
 C - a +0 pair of boots (worn)
 F - a +0 pair of gloves (worn)
 K - a +0 chain mail (worn)
Jewellery
 B - a ring of protection from cold (left hand)
 G - an amulet of magic regeneration
 J - a ring of flight (right hand)
Wands
 o - a wand of digging (2)
 A - a wand of paralysis (7)
Scrolls
 b - a scroll of brand weapon {unknown}
 f - 4 scrolls of amnesia {unknown}
 g - a scroll of fog {unknown}
 j - a scroll of silence {unknown}
 k - 2 scrolls of magic mapping {unknown}
 n - 5 scrolls of teleportation {unknown}
 q - 4 scrolls of identify {unknown}
 s - a scroll of fear {unknown}
 x - 2 scrolls of noise {unknown}
 y - 3 scrolls of enchant weapon {unknown}
 z - 2 scrolls of enchant armour {unknown}
 E - 2 scrolls of poison {unknown}
Potions
 e - a potion of magic {unknown}
 h - 2 potions of lignification {unknown}
 i - 4 potions of might
 l - a potion of resistance {unknown}
 t - 2 potions of cancellation {unknown}
 u - 3 potions of attraction {unknown}
 v - a potion of flight {unknown}
 w - a potion of heal wounds {unknown}
 D - a potion of brilliance {unknown}


   Skills:
 - Level 3.6 Fighting
 * Level 10.9 Axes
 - Level 2.4 Dodging


You had 6 spell levels left.
You didn't know any spells.
Your spell library contained the following spells:

 Spells                   Type           Power      Damage    Failure   Level
 Apportation              Tloc           0%         N/A       99%         1
 Summon Lightning Spire   Summ/Air       0%         N/A       100%        4
 Alistair's Intoxication  Tmut/Pois      0%         N/A       100%        5
 Storm Form               Tmut/Air       0%         N/A       100%        7
 Maxwell's Capacitive Co  Air            0%         ∞         100%        8


Dungeon Overview and Level Annotations

Branches:
Dungeon (5/15)
 Temple: D:4-7

Altars:
Okawaru

Shops:
D:2 *


Message History

It was a potion of might.
You feel very mighty all of a sudden.
The wight hits you from afar with a +2 spear.
* * * LOW HITPOINT WARNING * * *
The wight hits you but does no damage.
The wight hits you with a +2 short sword.
* * * LOW HITPOINT WARNING * * *
The wight attacks as you move away!
The wight hits you with a +2 short sword.
* * * LOW HITPOINT WARNING * * *
You feel drained.
You are confused.
You feel invigorated. The wight hits you but does no damage.
The wight barely misses you.
The gnoll sergeant shouts!
You barely miss the wight.
The wight is moderately damaged.
You closely miss the wight. The wight attacks as you move away!
The wight hits you with a +2 short sword.
* * * LOW HITPOINT WARNING * * *
You feel drained.
* * * LOW HITPOINT WARNING * * *
The wight hits you with a +2 short sword.
* * * LOW HITPOINT WARNING * * *
You feel drained.
* * * LOW HITPOINT WARNING * * *
The wight hits you with a +2 short sword.
* * * LOW HITPOINT WARNING * * *
The wight attacks as you move away!
The wight hits you with a +2 short sword.
* * * LOW HITPOINT WARNING * * *
You hit the wight.
The wight is severely damaged.
You hit the wight. The wight barely misses you.
The wight hits you but does no damage. x2
The wight hits you with a +2 short sword!
* * * LOW HITPOINT WARNING * * *
You feel drained.
You die...

#...#..####..........#
(...#...##.........###
.......#.##.#....###
............###..#
............# #..##
......#....## #...#
..#...#......##z.z##
..##............zz.####
..# ............@..#..##
.## ..
........#..#...#########
..
$.......#.......##.....#
....g........<.........#
...###.............#..##
... #.............#####
.. ................#
.................#
.................#


You could see a gnoll sergeant and 4 wights.

Vanquished Creatures
  A centaur (D:5)
  An ogre (D:5)
  2 scorpions
  4 hounds
  Ijyb (D:3)
  A sleepcap (D:4)
  5 gnolls
  5 adders
  A white imp (D:5)
  2 worms
  A dart slug (D:1)
  2 bats (D:2)
  6 endoplasms
  4 giant cockroaches
  7 hobgoblins
  8 kobolds
  A quokka (D:2)
  8 ball pythons
  2 frilled lizards (D:1)
  10 goblins
  2 rats
74 creatures vanquished.

Notes
Turn   | Place    | Note
-------+----------+-------------------------------------------
     0 | D:1      | Okkudo the Hill Orc Monk began the quest for the Orb.
     0 | D:1      | Reached XP level 1. HP: 19/19 MP: 1/1
   231 | D:1      | Reached XP level 2. HP: 25/26 MP: 2/2
   343 | D:1      | Reached skill level 5 in Axes
   982 | D:2      | Reached XP level 3. HP: 23/31 MP: 3/3
  1058 | D:2      | Found Dechaipn's General Store.
  1076 | D:2      | Bought a +0 helmet for 54 gold pieces
  1366 | D:2      | Reached skill level 6 in Axes
  1837 | D:2      | Reached XP level 4. HP: 39/39 MP: 4/4
  2234 | D:3      | Noticed Ijyb
  2252 | D:3      | Paralysed by Ijyb for 3 turns
  2268 | D:3      | Killed Ijyb
  2269 | D:3      | Reached skill level 7 in Axes
  2269 | D:3      | Reached XP level 5. HP: 18/45 MP: 5/5
  2636 | D:4      | Found an iron altar of Okawaru.
  3017 | D:4      | Reached skill level 8 in Axes
  3137 | D:4      | Reached XP level 6. HP: 50/51 MP: 6/6
  3235 | D:4      | Reached skill level 9 in Axes
  3692 | D:5      | Entered Level 5 of the Dungeon
  3898 | D:5      | Reached skill level 10 in Axes
  3898 | D:5      | Reached XP level 7. HP: 25/57 MP: 7/7
  4476 | D:5      | Slain by a wight

Illustrated notes

Levels and vault maps discovered:
D:1:      dpeg_arrival_chambers_temple_mockup, layout_basic,
          minmay_misc_feat_ornament
D:2:      kennysheep_six_static_rooms, layout_basic, serial_shops,
          nicolae_shop_hallway_plus, nicolae_hexahallways
D:3:      kennysheep_the_goblin_king, layout_rooms, grunt_decor_arrowhead,
          chequers_decorated_corner
D:4:      layout_loops_corners, kennysheep_okawaru_gauntlet
D:5:      layout_cave_pools

Skill      XL: |  1  2  3  4  5  6 |
---------------+-------------------+-----
Axes           | 5 6 7 8 10 | 10.9
Fighting       | |  3.6
Dodging        | |  2.4

Action                     |  1- 3 |  4- 6 |  7- 9 || total
---------------------------+-------+-------+-------++-------
  Melee: Hand axe          |   130 |   134 |    40 ||   304
  Throw: Dart              |       |       |     4 ||     4
    Use: Potion            |       |       |     2 ||     2
 Armour: Robe              |    11 |       |       ||    11
         Scale mail        |    30 |    74 |     2 ||   106
         Chain mail        |       |       |    28 ||    28
  Dodge: Dodged            |    60 |    86 |    18 ||   164
